 Seeded DCSS version 0.30.1-4-g462c640d31 (webtiles) character file.

Game seed: 920673320228942481 (custom seed)

3 CarvArkoylaein the Thaumaturge (level 1, 13/13 HPs)
             Began as a Gnoll Wanderer on Sept 8, 2023.
             Got out of the dungeon alive.
             The game lasted 00:01:58 (166 turns).

CarvArkoylaein the Thaumaturge (Gnoll Wanderer)      Turns: 166, Time: 00:01:59

Health: 13/13      AC:  2    Str: 10    XL:     1   Next: 50%
Magic:  10/10      EV: 10    Int: 13    God:
Gold:   17         SH:  4    Dex: 10    Spells: 18/18 levels left

rFire   . . .        a - +0 club
rCold   . . .        d - +0 buckler
rNeg    . . .        c - +0 robe
rPois   .            (no helmet)
rElec   .            (no cloak)
rCorr   .            (no gloves)
SInv    .            (no boots)
Will    .....        (no amulet)
Stlth   ++           (no ring)
HPRegen 0.22/turn    (no ring)
MPRegen 0.12/turn

%: no passive effects
@: no status effects
A: fangs 1, strong nose, distributed training
a: no special abilities


You escaped.
You visited 1 branch of the dungeon, and saw 1 of its levels.

You collected 17 gold pieces.

Inventory:

Hand Weapons
 a - a +0 club (weapon)
Armour
 c - a +0 robe (worn)
 d - a +0 buckler (worn)
Jewellery
 e - the amulet of Uquheodi {Spirit rPois Dex+3}
   (You acquired it on level 1 of the Dungeon)

   [amulet of guardian spirit]

   It causes incoming damage to be divided between your reserves of health and
   magic.
   Dex:       It affects your dexterity (+3).
   rPois:     It protects you from poison.
Potions
 b - a potion of brilliance


   Skills:
 + Level 0.0 Fighting
 + Level 0.0 Short Blades
 + Level 0.0 Long Blades
 + Level 0.0 Axes
 + Level 0.0 Maces & Flails
 + Level 0.0 Polearms
 + Level 0.0 Staves
 + Level 0.0 Ranged Weapons
 + Level 0.0 Throwing
 + Level 0.0 Armour
 + Level 0.0 Dodging
 + Level 2.1 Stealth
 + Level 2.3 Shields
 + Level 0.0 Unarmed Combat
 + Level 9.2 Spellcasting
 + Level 0.0 Conjurations
 + Level 0.0 Hexes
 + Level 0.0 Summonings
 + Level 0.0 Necromancy
 + Level 0.0 Translocations
 + Level 0.0 Transmutations
 + Level 3.6 Fire Magic
 + Level 0.0 Ice Magic
 + Level 0.0 Air Magic
 + Level 3.6 Earth Magic
 + Level 0.0 Poison Magic
 + Level 0.1 Invocations
 + Level 0.0 Evocations


You had 18 spell levels left.
You didn't know any spells.
Your spell library contained the following spells:

 Spells                   Type           Power      Damage    Failure   Level
 Sandblast                Erth           30%        2d9       4%          1
 Scorch                   Fire           30%        2d6       6%          2
 Foxfire                  Conj/Fire      40%        2x1d6     9%          1
 Necrotise                Necr           24%        1d5       17%         1
 Sublimation of Blood     Necr           6%         N/A       26%         2
 Stone Arrow              Conj/Erth      20%        3d8       26%         3
 Vampiric Draining        Necr           6%         2d6       45%         3
 Flame Wave               Conj/Fire      10%        2d6       63%         4
 Anguish                  Hex/Necr       3%         N/A       86%         4
 Discord                  Hex            3%         N/A       100%        8


Dungeon Overview and Level Annotations

Branches:
Dungeon (1/15)

Altars:


Innate Abilities, Weirdness & Mutations

You have very sharp teeth.
Your uncanny sense of smell can sniff out nearby items.
Your experience applies equally to all skills.


Message History

The dart slug is almost dead.
You hit the dart slug.
You kill the dart slug!
Found 4 gold pieces.
You now have 4 gold pieces.
HP restored.
You open the door.
There is an open door here.
A ball python comes into view.
Found a stone staircase leading down.
The helpless ball python fails to defend itself.
You hit the ball python.
You kill the ball python!
You open the door.
Found 13 gold pieces.
Found 3 scrolls labelled NOEDYA EDEF.
There is an open door here.
You now have 17 gold pieces (gained 13).
Found a hand axe.
e - 3 scrolls labelled NOEDYA EDEF This is a scroll of acquirement!
Something appears at your feet! Something appears at your feet!
You see here the Lectures on the Deathly Whammy.
Something appears at your feet!
Okay, then.
You pick up the Lectures on the Deathly Whammy and begin reading...
You add the spells Necrotise, Sublimation of Blood, Vampiric Draining, Anguish and Discord to your library.
e - the amulet of Uquheodi {Spirit rPois Dex+3} You see here the +0 buckler "Vuthruimab" {rCorr Str+2}.
Welcome back, CarvArkoylaein the Gnoll Wanderer.
Game seed: 920673320228942481 (custom seed) Press ? for a list of commands and other information.
Unknown command.
You don't know any spells.
There is an open door here.
There is an open door here.
There is a staircase leading out of the dungeon here.
Are you sure you want to leave the Dungeon?
This will make you lose the game!
You have escaped!

#..............
#..............
#....#####.....
#########....# #.....
.............#####.....
##......#.#..........
#.P...P.#.#......##..
##.......#.#......####
#....@.....#......#
#...........#.#......####
####..P...P.#.########...
#.........##.# #...
#.#..###### #... # #..
#... #.. #... #.. #...
#...


There were no monsters in sight!

Vanquished Creatures
  A dart slug (D:1)
  A ball python (D:1)
2 creatures vanquished.

Notes
Turn   | Place    | Note
-------+----------+-------------------------------------------
     0 | D:1      | Reached skill level 9 in Spellcasting
     0 | D:1      | CarvArkoylaein the Gnoll Wanderer began the quest for the
                  | Orb.
     0 | D:1      | CarvArkoylaein set off with the following items: a +0 club,
                  | a potion of brilliance, a +0 robe, a +0 buckler; and the
                  | following spells available to memorise: Sandblast, Scorch,
                  | Foxfire, Stone Arrow, Flame Wave.
     0 | D:1      | Reached XP level 1. HP: 13/13 MP: 10/10
    87 | D:1      | Identified 3 scrolls of acquirement
    87 | D:1      | Acquired the amulet of Uquheodi {Spirit rPois Dex+3}
    88 | D:1      | Acquired the +0 buckler "Vuthruimab" {rCorr Str+2}
    89 | D:1      | Acquired the Lectures on the Deathly Whammy
   166 | D:$      | Got out of the dungeon alive.

Illustrated notes

Levels and vault maps discovered:
D:1:      dpeg_arrival_orchard, layout_basic

Skill      XL: | |
---------------+-+-----
Spellcasting   | |  9.2
Stealth        | |  2.1
Shields        | |  2.3
Fire Magic     | |  3.6
Earth Magic    | |  3.6
Invocations    | |  0.1

Action                     || total
---------------------------++-------
  Melee: Club              ||     7
         Bite              ||     1
    Use: Scroll            ||     3
   Stab: Sleeping          ||     1
 Armour: Robe              ||     1
  Dodge: Dodged            ||     1
  Block: Buckler           ||     1
